 Dungeon Crawl Stone Soup version 0.30-b1-2-g02819fbbbe (webtiles) character file.

Game seed: 18420382506406294919

98 redmage the Digger (level 5, 0/57 HPs)
             Began as a Meteoran Earth Elementalist on Aug 2, 2023.
             Slain by a river rat (6 damage)
             ... in a sewer.
             The game lasted 00:04:43 (317 turns).

redmage the Digger (Meteoran Earth Elementalist)     Turns: 317, Time: 00:04:43

Health: 0/57       AC:  2    Str: 10    XL:     5   Next: 21%
Magic:  0/10       EV: 12    Int: 18    God:
Gold:   132        SH:  0    Dex: 14    Spells: 4/10 levels left

rFire   . . .        e - +0 war axe (flame)
rCold   . . .        (no shield)
rNeg    . . .        a - +0 robe
rPois   .            (no helmet)
rElec   .            (no cloak)
rCorr   .            (no gloves)
SInv    .            (no boots)
Will    .....        (no amulet) Stlth
                     (no ring)
HPRegen 0.29/turn    (no ring)
MPRegen 0.12/turn

%: no passive effects
@: berserking, glowing, very quick
A: sense surroundings 1, otherworldly, glowing, explore regen
a: no special abilities


You were in a sewer.
You visited 1 branch of the dungeon, and saw 4 of its levels.
You also visited: Sewer.

You collected 132 gold pieces.

Inventory:

Hand Weapons
 e - a +0 war axe of flaming (weapon)
Armour
 a - a +0 robe (worn)
Wands
 g - a wand of roots (5)
Scrolls
 f - a scroll of identify {unknown}
 h - a scroll of vulnerability {unknown}
Potions
 b - a potion of magic
 d - a potion of mutation {unknown}


   Skills:
 - Level 2.4 Dodging
 - Level 1.4 Stealth
 - Level 3.2 Spellcasting
 * Level 2.2 Conjurations
 - Level 2.1 Transmutations
 * Level 5.2 Earth Magic


You had 4 spell levels left.
You knew the following spells:

 Your Spells              Type           Power      Damage    Failure   Level
a - Sandblast             Erth           42%        2d11      1%          1
b - Passwall              Tmut/Erth      13%        N/A       5%          2
c - Stone Arrow           Conj/Erth      32%        3d9       11%         3

Your spell library contained the following spells:

 Spells                   Type           Power      Damage    Failure   Level
 Petrify                  Tmut/Erth      16%        N/A       34%         4
 Animate Dead             Necr           2%         N/A       85%         4
 Borgnjor's Vile Clutch   Necr/Erth      6%         N/A       83%         5
 Death Channel            Necr           1%         N/A       100%        6


Dungeon Overview and Level Annotations

Branches:
Dungeon (4/15) Zot: 2084    Sewer (1/1) Zot: 576
 Temple: D:4-7

Altars:
Elyvilon
Trog
Uskayaw


Innate Abilities, Weirdness & Mutations

You passively map a small area around you.
You are easily found by Zot.
You glow in the dark.
You regain HP and MP as you explore.


Message History

Press: ? - help, Shift-Dir - straight line, f/p - river rat
Aim: a river rat (heavily wounded, 81% to hit)
The blast of sand hits the river rat.
The river rat is severely wounded.
The river rat bites you. The rat bites you. The river rat barely misses you.
The river rat bites you.
Unknown command.
Casting: Sandblast (safe; 1% risk of failure)
Confirm with . or Enter, or press ? or * to list all spells.
Aiming: Sandblast (safe; 1% risk of failure)
Press: ? - help, Shift-Dir - straight line, f/p - river rat
Aim: a river rat (severely wounded, 81% to hit)
The blast of sand hits the river rat.
The river rat is almost dead.
The rat bites you but does no damage. The river rat bites you.
The river rat bites you but does no damage.
Casting: Sandblast (safe; 1% risk of failure)
Confirm with . or Enter, or press ? or * to list all spells.
Aiming: Sandblast (safe; 1% risk of failure)
Press: ? - help, Shift-Dir - straight line, f/p - river rat
Aim: a river rat (almost dead, 81% to hit)
The blast of sand hits the river rat but does no damage.
The river rat is almost dead.
The rat barely misses you. The river rat bites you. The river rat bites you!
The rat bites you but does no damage.
The river rat bites you but does no damage.
The river rat closely misses you.
Unknown command.
You slash the rat! You burn the rat.
You kill the rat!
You hit the river rat. You burn the river rat.
You kill the river rat!
You hit the river rat. You burn the river rat. The river rat bites you!
* * * LOW HITPOINT WARNING * * *
Unknown command.
Unknown command.
It was a potion of berserk rage.
A red film seems to cover your vision as you go berserk!
You feel yourself moving faster!
You feel mighty! The river rat bites you.
You die...

###* ** ##.. ,
###... #~~~.
##..~ * , #~r†#
~ ~ * #..@# , ~~
* #~.†## ,~ .r
##~~.### #.~.
#.~.~.#####...~.
###...~.∩~...~#
###~~~∩..~###
#########


You could see a river rat.

Vanquished Creatures
  A hound (D:4)
  2 adders
  2 river rats (Sewer)
  An ufetubus (D:4)
  A worm (D:4)
  A dart slug (D:2)
  An endoplasm (D:4)
  4 giant cockroaches (D:4)
  4 jackals (D:2)
  2 kobolds
  A quokka (D:4)
  A frilled lizard (D:2)
  3 rats (Sewer)
24 creatures vanquished.

Vanquished Creatures (others)
  A hobgoblin (D:3)
1 creature vanquished.

Grand Total: 25 creatures vanquished

Notes
Turn   | Place    | Note
-------+----------+-------------------------------------------
     0 | D:1      | redmage the Meteoran Earth Elementalist began the quest for
                  | the Orb.
     0 | D:1      | Reached XP level 1. HP: 14/14 MP: 5/5
    67 | D:2      | Reached skill level 4 in Earth Magic
    67 | D:2      | Reached XP level 2. HP: 20/20 MP: 4/7
   137 | D:2      | Reached XP level 3. HP: 20/26 MP: 8/8
   162 | D:2      | Learned a level 2 spell: Passwall
   166 | D:2      | Learned a level 3 spell: Stone Arrow
   231 | D:4      | Found a hide-covered altar of Uskayaw.
   231 | D:4      | Found a bloodstained altar of Trog.
   236 | D:4      | Reached skill level 1 in Conjurations
   236 | D:4      | Reached XP level 4. HP: 33/33 MP: 6/9
   240 | D:4      | Found a glowing drain.
   256 | D:3      | Found a white marble altar of Elyvilon.
   291 | D:4      | Reached skill level 5 in Earth Magic
   300 | Sewer    | Entered a sewer
   312 | Sewer    | Reached XP level 5. HP: 38/38 MP: 3/10
   317 | Sewer    | Slain by a river rat

Illustrated notes

Levels and vault maps discovered:
D:1:      elethiomel_arrival_quiet, layout_loops_ring, minmay_tromino_i4
D:2:      layout_basic, basic_altar, minmay_strange_pillars
D:3:      minmay_chambers_of_twos, layout_basic, hangedman_ru_absence,
          mainiacjoe_overflow_brackets, elyvilon_altar_4, serial_park_tiny_2,
          minmay_misc_feat_tower, nicolae_concentric_dashed_squares_mild,
          kennysheep_generic_room_3, uniq_ijyb
D:4:      layout_cave_pools, nicolae_overflow_two_pavilions,
          okawaru_altar_gauntlet_db, gup_sewer_entry_glass
Sewer:    sewer_hellmonk_bad_rat

Skill      XL: |  1  2  3  4 |
---------------+-------------+-----
Spellcasting   | 3 |  3.2
Earth Magic    | 4 5 |  5.2
Transmutations | 2 |  2.1
Conjurations   | 1 2 |  2.2
Dodging        | |  2.4
Stealth        | |  1.4

Action                     |  1- 3 |  4- 6 || total
---------------------------+-------+-------++-------
  Melee: War axe           |     5 |     1 ||     6
   Cast: Sandblast         |    17 |    17 ||    34
    Use: Potion            |       |     1 ||     1
 Armour: Robe              |     4 |     6 ||    10
  Dodge: Dodged            |    10 |    13 ||    23
